 Dungeon Crawl Stone Soup version 0.30-a0-304-gdc4b735fe1 (webtiles) character file.

Game seed: 7563369135128725775

79 ragingrage the Cudgeller (level 4, 0/38 HPs)
             Began as an Armataur Warper on Oct 20, 2022.
             Slain by an orc
             ... wielding a +0 flail
              (2 damage)
             ... on level 3 of the Dungeon.
             The game lasted 00:01:39 (1942 turns).

ragingrage the Cudgeller (Armataur Warper)          Turns: 1942, Time: 00:01:39

Health: 0/38       AC:  8    Str: 18    XL:     4   Next: 16%
Magic:  6/6        EV:  9    Int: 13    God:
Gold:   187        SH:  0    Dex: 10    Spells: 6/6 levels left

rFire   . . .      SeeInvis .    a - +0 mace (vamp)
rCold   . . .      Faith    .    (no shield)
rNeg    . . .      Spirit   .    b - +0 leather armour
rPois   .          Reflect  .    s - +2 helmet
rElec   .          Harm     .    (no cloak)
rCorr   .          Roll     +    g - +0 pair of gloves
Will    .....                    (no barding)
Stlth   +.........               (no amulet)
HPRegen 0.26/turn                (no ring)
MPRegen 0.10/turn                (no ring)

@: brilliant, attractive
A: large, rugged brown scales 3, deformed body, armoured tail, roll, long
tongue, awkward tongue
a: no special abilities


You were on level 3 of the Dungeon.
You visited 1 branch of the dungeon, and saw 3 of its levels.

You collected 187 gold pieces.

Inventory:

Hand Weapons
 a - a +0 vampiric mace (weapon)
Missiles
 d - 7 boomerangs of dispersal (quivered)
Armour
 b - a +0 leather armour (worn)
 g - a +0 pair of gloves (worn)
 s - a +2 helmet (worn)
Scrolls
 c - a scroll of blinking
 f - a scroll of identify
 h - a scroll of butterflies {unknown}
 j - 2 scrolls of enchant weapon
 k - a scroll of summoning {unknown}
 l - 2 scrolls of enchant armour {unknown}
 n - a scroll of fear {unknown}
 p - a scroll of magic mapping {unknown}
Potions
 o - a potion of mutation {unknown}
 r - a potion of berserk rage {unknown}


   Skills:
 - Level 1.7 Fighting
 + Level 4.1 Maces & Flails
 - Level 0.8 Throwing
 - Level 1.2 Armour
 - Level 1.3 Dodging
 - Level 1.7 Spellcasting
 - Level 3.0 Translocations


You had 6 spell levels left.
You didn't know any spells.
Your spell library contained the following spells:

 Spells                   Type           Power      Damage    Failure   Level
 Apportation              Tloc           26%        N/A       9%          1
 Blink                    Tloc           26%        N/A       14%         2
 Lesser Beckoning         Tloc           26%        N/A       26%         3
 Teleport Other           Tloc           13%        N/A       26%         3
 Necrotise                Necr           4%         1d4       30%         1
 Summon Small Mammal      Summ           4%         N/A       30%         1
 Static Discharge         Conj/Air       2%         2-3/arc   43%         2
 Portal Projectile        Hex/Tloc       14%        N/A       45%         3
 Vhi's Electric Charge    Tloc/Air       14%        N/A       45%         3
 Manifold Assault         Tloc           13%        N/A       65%         4
 Call Canine Familiar     Summ           1%         N/A       67%         3
 Leda's Liquefaction      Hex/Erth       0%         N/A       97%         4
 Arcjolt                  Conj/Air       0%         1d10      100%        5
 Lightning Bolt           Conj/Air       0%         1d11      100%        5


Dungeon Overview and Level Annotations

Branches:
Dungeon (3/15)

Altars:


Innate Abilities, Weirdness & Mutations

You are completely covered in rugged brown scales. (AC +3, +7% HP)
Armour fits poorly on your strangely shaped body.
You have a long armoured tail.
You roll when moving toward enemies. (Rampage)
Your long tongue fully drains potion bottles. (2x potion effects)
Your tongue gives you trouble enunciating. (1.5x scroll delay)


Message History

The orc hits you with a +0 flail.
The orc priest calls upon Beogh to heal the orc.
The orc's wounds heal themselves!
You barely miss the orc. The orc closely misses you.
The orc attacks as you move away! The orc hits you but does no damage.
You barely miss the orc. The orc hits you but does no damage.
You hit the orc but do no damage. You tail-slap the orc.
The orc is severely wounded.
The orc hits you with a +0 flail.
The orc priest calls upon Beogh to heal the orc.
The orc's wounds heal themselves!
The orc hits you but does no damage.
You hit the orc but do no damage.
The orc priest invokes the aid of Beogh against you.
Beogh smites you! The orc barely misses you.
You hit the orc.
You feel better.
The orc is almost dead.
The orc hits you but does no damage.
You slurp down every last drop of the white potion!
It was a potion of brilliance.
You feel clever all of a sudden. The orc hits you with a +0 flail!
You hit the orc but do no damage.
Your tail-slap misses the orc.
The orc is almost dead.
The orc hits you with a +0 flail.
You hit the orc but do no damage.
The orc is almost dead.
The orc closely misses you.
You hit the orc but do no damage.
Your tail-slap misses the orc.
The orc is almost dead.
The orc hits you but does no damage. The orc hits you with a +0 flail.
* * * LOW HITPOINT WARNING * * *
You hit the orc but do no damage.
The orc is almost dead.
The orc hits you with a +0 flail.
* * * LOW HITPOINT WARNING * * *
You slurp down every last drop of the ruby potion!
It was a potion of attraction.
You feel attractive to monsters. The orc hits you with a +0 flail.
You die...

##########
.........###############
#.)o..............#
.......#o#############.#
########@# #.# #.#
##########.# #.#
#..........# #.#
#.########## #.# #.# #.#
#.# #.# #.# #.#
#.####### #######..
#)#.....#


You could see 2 orcs.

Vanquished Creatures
  3 adders
  2 worms
  4 dart slugs
  An orc (D:3)
  8 endoplasms
  A giant cockroach (D:1)
  2 goblins
  2 hobgoblins
  2 quokkas (D:1)
  3 ball pythons
  A bat (D:1)
  2 frilled lizards
  3 kobolds
  3 rats
37 creatures vanquished.

Notes
Turn   | Place    | Note
-------+----------+-------------------------------------------
     0 | D:1      | ragingrage the Armataur Warper began the quest for the Orb.
     0 | D:1      | Reached XP level 1. HP: 18/18 MP: 3/3
   102 | D:1      | Reached skill level 2 in Maces & Flails
   257 | D:1      | Reached XP level 2. HP: 25/25 MP: 4/4
   572 | D:1      | Reached skill level 3 in Maces & Flails
  1068 | D:2      | Reached XP level 3. HP: 29/31 MP: 5/5
  1315 | D:2      | Found a faded altar of an unknown god.
  1772 | D:3      | Reached skill level 4 in Maces & Flails
  1772 | D:3      | Reached XP level 4. HP: 38/38 MP: 6/6
  1942 | D:3      | Slain by an orc

Illustrated notes

Levels and vault maps discovered:
D:1:      nicolae_arrival_washed_ashore, layout_basic, minmay_misc_feat_room,
          grunt_decor_cap
D:2:      layout_rooms, dreamdust_ecumenical_altar_angels_and_demons,
          roderic_roman_lattice, kennysheep_generic_room_7
D:3:      layout_loops_ring, uniq_jessica

Skill      XL: |  1  2  3 |
---------------+----------+-----
Maces & Flails | 2 3 4 |  4.1
Fighting       | |  1.7
Throwing       | |  0.8
Armour         | |  1.2
Dodging        | |  1.3
Spellcasting   | |  1.7
Translocations | |  3.0

Action                   |  1- 3 |  4- 6 || total
-------------------------+-------+-------++-------
Melee: Mace              |    93 |    16 ||   109
       Tailslap          |    10 |     3 ||    13
  Use: Scroll            |     3 |       ||     3
       Potion            |       |     3 ||     3
Armor: Leather armour    |    31 |     5 ||    36
Dodge: Dodged            |    30 |     6 ||    36

Table legend: (Time is in decaauts)
 A = Elapsed time spent in this place.
 B = Non-inter-level travel time spent in this place.
 C = Inter-level travel time spent in this place.
 D = Time resting spent in this place.
 E = Time spent auto-exploring this place.
 F = Levels seen in this place.
 G = Mean time per level.
                   A        B        C        D        E       F      G
               +--------+--------+--------+--------+--------+-----+--------+
         Total |   1969 |   1862 |    107 |    183 |   1368 |   3 |  656.3 |
       Dungeon |   1969 |   1862 |    107 |    183 |   1368 |   3 |  656.3 |
               +--------+--------+--------+--------+--------+-----+--------+

Top non-repeatable levels by time:
     D:1: 1070 daAuts
     D:2: 623 daAuts
     D:3: 276 daAuts
